 Dungeon Crawl Stone Soup version 0.22-a0-368-g870eee8 (webtiles) character file.

352876 iamserjio the Warrior (level 22, -18/124 HPs)
             Began as a Vine Stalker Enchanter on Apr 23, 2018.
             Was the Champion of Nemelex Xobeh.
             Demolished by a war gargoyle
             ... wielding a +0 great mace
              (23 damage)
             ... on level 5 of the Vaults.
             The game lasted 05:54:11 (39403 turns).

iamserjio the Warrior (Vine Stalker Enchanter)     Turns: 39403, Time: 05:54:12

Health: -18/124    AC: 16    Str: 29    XL:     22   Next: 59%
Magic:  0/35       EV: 28    Int: 23    God:    Nemelex Xobeh [******]
Gold:   3504       SH:  8    Dex: 28    Spells: 12/37 levels left

rFire    + + +     SeeInvis +   c - +5 scimitar (drain)
rCold    . . .     Gourm    .   D - +0 buckler "Pampu Samm" {rPois Str+7 Int-5 SInv}
rNeg     . . .     Faith    .   m - +1 leather armour "Lefril" {rF- Regen+ Int+8 Dex+7}
rPois    +         Spirit   +   y - +0 hat of Lies {rElec Str+4 Slay-4 Stlth+}
rElec    +         Reflect  .   P - +1 cloak of Paph {Slay+2}
rCorr    .         Harm     .   f - +2 pair of gloves
MR       +++..                  T - +2 pair of boots {Stlth+}
Stlth    +++++++...             L - amulet of regeneration
HPRegen  1.90/turn              A - ring "Esocel" {rPois rC+ MR+ Str-2}
MPRegen  0.24/turn              Y - ring of Fatigue {rF+++ rC- Int+4 Dex+4 SInv}

@: very slightly contaminated, drained
A: antennae 1, fangs 3, repulsion field 2, yellow scales 1, blurry vision 1,
fire resistance 1, regeneration 2, strong 1, magic shield, antimagic bite, no
potion heal 3, rot immunity
}: 1/15 runes: gossamer
a: Triple Draw, Deal Four, Stack Five, Renounce Religion


You were on level 5 of the Vaults.
You worshipped Nemelex Xobeh.
Nemelex Xobeh was exalted by your worship.
You were not hungry.

You visited 6 branches of the dungeon, and saw 35 of its levels.
You visited the Abyss 1 time.
You also visited: Labyrinth and Ice Cave.

You collected 5880 gold pieces.
You spent 2376 gold pieces at shops.

Inventory:

Hand Weapons
 c - a +5 scimitar of draining (weapon)
 Z - a +2 long sword of electrocution
Armour
 f - a +2 pair of gloves (worn)
 m - the +1 leather armour "Lefril" (worn) {rF- Regen+ Int+8 Dex+7}
   (You found it on level 6 of the Lair of Beasts)

   It affects your intelligence (+8).
   It affects your dexterity (+7).
   It makes you vulnerable to fire.
   It increases your rate of regeneration.
 y - the +0 hat of Lies (worn) {rElec Str+4 Slay-4 Stlth+}
   (You bought it in a shop on level 12 of the Dungeon)

   It affects your strength (+4).
   It affects your accuracy and damage with ranged weapons and melee attacks
   (-4).
   It insulates you from electricity.
   It makes you more stealthy.
 D - the +0 buckler "Pampu Samm" (worn) {rPois Str+7 Int-5 SInv}
   (You bought it in a shop on level 12 of the Dungeon)

   It affects your strength (+7).
   It affects your intelligence (-5).
   It protects you from poison.
   It lets you see invisible.
 P - the +1 cloak of Paph (worn) {Slay+2}
   (You found it on level 2 of the Lair of Beasts)

   It affects your accuracy and damage with ranged weapons and melee attacks
   (+2).
 T - a +2 pair of boots of stealth (worn)
Jewellery
 A - the ring "Esocel" (left hand) {rPois rC+ MR+ Str-2}
   (You took it off a deep elf demonologist on level 1 of the Elven Halls)

   [ring of strength]

   It affects your strength (-2).
   It protects you from cold.
   It protects you from poison.
   It affects your resistance to hostile enchantments.
 L - an amulet of regeneration (around neck)
 Y - the ring of Fatigue (right hand) {rF+++ rC- Int+4 Dex+4 SInv}
   (You bought it in a shop on level 3 of the Vaults)

   [ring of see invisible]

   It affects your intelligence (+4).
   It affects your dexterity (+4).
   It renders you almost immune to fire.
   It makes you vulnerable to cold.
   It lets you see invisible.
Scrolls
 q - 7 scrolls of fear
 s - 12 scrolls of teleportation
Potions
 i - 5 potions of berserk rage
 l - 2 potions of might
 n - 6 potions of curing
 x - 2 potions of cancellation
 B - 3 potions of agility
 K - a potion of resistance
Miscellaneous
 a - a legendary deck of destruction
 b - an ornate deck of summoning
 e - an ornate deck of destruction
 g - an ornate deck of escape {Velocity, left: 5}
 j - a legendary deck of destruction
 k - an ornate deck of destruction {drawn: 1}
 o - a legendary deck of escape {drawn: 1}
 p - an ornate deck of summoning
 r - a plain deck of escape {drawn: 3}
 t - a legendary deck of destruction
 u - a legendary deck of summoning
 v - an ornate deck of destruction
 w - a legendary deck of destruction
 z - an ornate deck of summoning
 C - an ornate deck of destruction
 E - a legendary deck of summoning
 F - an ornate deck of destruction
 G - an ornate deck of summoning
 H - an ornate deck of destruction
 I - a legendary deck of destruction {drawn: 1}
 J - an ornate deck of destruction
 M - an ornate deck of destruction
 N - a legendary deck of summoning {drawn: 3}
 O - a legendary deck of summoning
 Q - an ornate deck of destruction
 R - a legendary deck of destruction
 S - an ornate deck of escape {Velocity, left: 4}
 U - an ornate deck of destruction
 V - an ornate deck of escape
 W - an ornate deck of summoning
 X - an ornate deck of summoning
Comestibles
 d - 54 rations


   Skills:
 + Level 16.1(15.5) Fighting
   Level 9.0(11.6) Short Blades
 - Level 13.2(13.5) Long Blades
 - Level 9.5(9.0) Armour
 + Level 12.5(12.0) Dodging
 - Level 9.3(8.8) Stealth
 * Level 10.9(10.3) Shields
 - Level 8.0(7.4) Spellcasting
 - Level 11.0(10.4) Hexes
 * Level 11.9(11.4) Transmutations
 * Level 11.9(11.4) Earth Magic
 + Level 13.8(13.2) Invocations


You had 12 spell levels left.
You knew the following spells:

 Your Spells              Type           Power        Failure   Level  Hunger
a - Corona                Hex            ######.      1%          1    None
b - Confuse               Hex            ######..     1%          3    None
c - Tukima's Dance        Hex            ######..     1%          3    None
d - Ensorcelled Hibernat  Hex/Ice        ####..       1%          2    None
e - Summon Guardian Gole  Hex/Summ       ####....     2%          3    None
f - Apportation           Tloc           #.....       9%          1    None
g - Statue Form           Tmut/Erth      ######...    12%         6    ######.
h - Invisibility          Hex            ######..     17%         6    ######.


Dungeon Overview and Level Annotations

Branches:
Dungeon (15/15)            Temple (0/1) D:5            Lair (6/6) D:10
 Shoals (0/4) Lair:3       Spider (4/4) Lair:4        Slime (0/5) Lair:5
    Orc (2/2) D:11            Elf (3/3) Orc:2        Vaults (5/5) D:13
  Crypt (0/3) Vaults:2     Depths (0/5) D:15

Altars:
Cheibriados
Dithmenos
Elyvilon
Gozag
Hepliaklqana
Kikubaaqudgha
Makhleb
Nemelex Xobeh
Qazlal
Sif Muna
Vehumet
Wu Jian
Yredelemnul
Zin
The Shining One
Jiyva

Shops:
D:12 [   Orc:2 (*}%   Vaults:1 [   Vaults:3 (}%=   Vaults:4 ?

Annotations:
D:11 exclusion: 4 orange crystal statues
Elf:2 5 runed doors


Innate Abilities, Weirdness & Mutations

You have razor-sharp teeth.
You heal very quickly.
When hurt, damage is shared between your health and your magic reserves.
Your bite disrupts and absorbs the magic of your enemies.
Potions cannot restore your health.
You are immune to rotting.
You have a pair of small antennae on your head.
You are surrounded by a moderate repulsion field. (EV +3)
You are partially covered in yellow scales. (AC +2)
Scrolls take you a little longer to read.
Your flesh is heat resistant. (rF+)
Your muscles are strong. (Str +2)


Message History

You draw... (choose one card, ? for their descriptions)
a - the Dance
b - the Elements
c - the Dance Huh?
You hear a distant "Zot"!
Unknown command.
Unknown command.
Evoke which item? (* to show all) (? for menu, Esc to quit)
Okay, then.
Unknown command.
Press: ? - help, v - describe, . - travel
Here: a war gargoyle, wielding a great mace (catching its breath)
The floor.
Unknown command.
Evoke which item? (* to show all) (? for menu, Esc to quit)
You draw a card...
It is the Tomb.
Walls emerge from the floor!
The war gargoyle hits you with a great mace!!
You die...
Your body disappears without a glow.

#....########### ####
#........#.....# .
#..#.....#.....# ..
#..#.....#.....# #...
#..#(...(#.....### #...
#..######Q#####...#####.###
#..#.....#..(..# #.....#
#.....#9#...# #.....#
#.....#@#...# #.....#
#/....###.((###.....#
######.#####...#####.# #.#
#/)(# #
######.#####.).#####.#
#?....#.....###.....#
#.....#.....# #.....#
#..())#..)..# #.....#
#..)()#)....###....Q#


You could see a tengu reaver and a war gargoyle.

Vanquished Creatures
  An ancient lich (Vaults:5)
  Asterion (Elf:1)
  3 liches
  2 deep elf master archers (Elf:3)
  A deep elf blademaster (Elf:3)
  4 tentacled starspawn (Abyss:3)
  3 sphinxes
  2 Executioners (Abyss:3)
  3 shadow dragons
  2 tengu reavers (Vaults:5)
  3 fire giants
  A frost giant (Vaults:5)
  9 deep elf sorcerers
  An orc warlord (Orc:2)
  2 ghost moths (Spider:4)
  6 vault wardens
  5 deep elf elementalists (Elf:3)
  4 emperor scorpions
  A war gargoyle (Vaults:3)
  14 ironheart preservers
  3 very ugly things
  A reaper (Abyss:3)
  2 entropy weavers
  6 stone giants
  Nessos (Lair:4)
  39 starcursed masses
  9 deep elf demonologists
  11 deep elf annihilators
  A lorocyproca (Abyss:2)
  A minotaur (Lab)
  3 spark wasps (Spider:4)
  4 green deaths
  3 ettins
  Josephine (D:12)
  3 deep elf death magi
  A quicksilver dragon zombie (Abyss:3)
  6 yaktaur captains
  4 deep elf high priests
  4 ice dragons
  5 great orbs of eyes
  7 vault guards
  Erolcha (D:9)
  Fannar (D:11)
  A rakshasa (Abyss:3)
  5 centaur warriors
  5 hydras
  41 two-headed ogres
  3 death knights
  11 ogre magi
  A tengu warrior (D:13)
  A deep troll shaman (Vaults:1)
  8 dancing weapons
  19 deep elf knights
  A soul eater (Abyss:3)
  15 thrashing horrors
  Nergalle (Lair:2)
  5 wretched stars
  A storm dragon zombie (Vaults:5)
  A fire crab (Lair:6)
  2 sixfirhies
  6 spatial maelstroms
  3 deep trolls (Vaults:1)
  2 shadow wraiths
  6 wizards
  A glowing orange brain (Vaults:1)
  3 unseen horrors
  An unseen horror (shapeshifter) (Vaults:3)
  A flayed ghost (Vaults:4)
  16 deep elf archers
  3 phantasmal warriors
  8 orc knights
  16 orb spiders
  7 ironbrand convokers
  2 tengu skeletons
  A golden dragon skeleton (Abyss:3)
  37 wolf spiders
  5 necromancers
  5 harpies (Vaults:5)
  21 ugly things
  51 deep elf magi
  A mana viper (shapeshifter) (D:15)
  A harpy (shapeshifter) (Vaults:5)
  2 oklob plants (Lair:4)
  A shadow dragon skeleton (Vaults:5)
  5 cyclopes
  5 orc sorcerers
  An iron dragon zombie (Vaults:5)
  A salamander (D:15)
  2 moths of wrath
  4 worldbinders (Abyss:3)
  2 human zombies
  6 elephants
  A storm dragon simulacrum (Vaults:4)
  14 vault sentinels
  Joseph (D:6)
  An apocalypse crab (Abyss:2)
  5 black mambas
  23 spiny frogs
  7 smoke demons
  A gargoyle (D:13)
  An orange demon (Abyss:3)
  A spiny frog (shapeshifter) (Vaults:3)
  A torpor snail (Spider:3)
  21 yaktaurs
  6 komodo dragons
  7 freezing wraiths
  A komodo dragon (shapeshifter) (Vaults:3)
  A kobold demonologist (D:12)
  An ice devil (Abyss:3)
  12 demonic crawlers
  A yaktaur zombie (Vaults:4)
  An efreet (D:14)
  2 tengu conjurers
  2 red devils
  A tormentor (Abyss:3)
  20 ancient zymes
  A human skeleton (Vaults:2)
  7 trolls
  A polar bear (Lair:6)
  A polar bear (shapeshifter) (Vaults:1)
  23 jumping spiders
  A tengu simulacrum (Vaults:4)
  A meliai (shapeshifter) (D:15)
  2 jumping spiders (shapeshifter)
  15 hornets
  19 blink frogs
  2 hippogriffs (shapeshifter)
  20 raiju
  12 slime creatures
  4 tyrant leeches (Lair:6)
  7 hippogriffs
  5 dream sheep (Lair:3)
  2 ettin zombies
  An ettin skeleton (Vaults:4)
  49 redbacks
  30 tarantellas
  2 water elementals
  A flying skull (Abyss:3)
  5 ynoxinuls
  An air elemental (Elf:2)
  Sigmund (D:5)
  6 wyverns
  2 vampires
  2 hogs (shapeshifter)
  3 fire elementals
  42 yaks
  3 basilisks
  5 wraiths
  A hungry ghost (D:8)
  A human simulacrum (Vaults:4)
  7 chaos spawn
  10 vampire mosquitoes
  9 spatial vortices
  3 insubstantial wisps (Abyss:3)
  Menkaure (D:4)
  7 neqoxecs
  A swamp worm (shapeshifter) (Vaults:5)
  8 wargs
  A soldier ant (D:11)
  5 acid dragons
  11 water moccasins
  A floating eye (shapeshifter) (Vaults:5)
  5 porcupines
  11 ice beasts
  40 large abominations
  27 orc warriors
  40 ogres
  5 sky beasts
  A hornet zombie (D:11)
  2 black bears
  An ettin simulacrum (Abyss:3)
  An elf zombie (Vaults:2)
  3 phantoms
  21 wolves
  2 elephant zombies (Lair:4)
  33 small abominations
  A necrophage (D:10)
  24 centaurs
  4 eyes of draining
  A big kobold (D:11)
  21 crocodiles
  Blork the orc (D:5)
  24 bullfrogs
  2 earth elementals
  A glowing shapeshifter simulacrum (Vaults:1)
  A wyvern skeleton (D:8)
  A water moccasin zombie (D:6)
  A water moccasin skeleton (D:5)
  3 scorpions
  9 killer bees
  10 electric eels
  2 howler monkeys
  28 wights
  5 crimson imps
  2 basilisk zombies (Lair:4)
  3 quasits
  21 orc priests
  2 bullfrog skeletons
  5 hounds
  10 iguanas
  6 iron imps
  31 orc wizards
  2 centaur skeletons
  Ijyb (D:4)
  Natasha (twice) (D:4)
  6 worker ants
  A killer bee zombie (D:6)
  A crocodile zombie (Lair:4)
  2 worker ant zombies (D:5)
  13 gnolls
  19 adders
  12 river rats (D:5)
  8 shadow imps
  2 white imps
  4 ufetubi (Abyss:3)
  An adder zombie (D:6)
  An adder skeleton (D:6)
  3 worms
  2 dart slugs
  5 leopard geckos
  84 orcs
  2 giant cockroaches
  3 goblins
  11 hobgoblins
  10 jackals
  16 quokkas
  4 ball pythons
  A ball python skeleton (D:5)
  9 bats
  3 frilled lizards
  A jackal skeleton (D:6)
  15 kobolds
  A leopard gecko skeleton (D:6)
  24 rats
  A bush (D:14)
  A fungus (Lair:2)
  2 plants
  2 starspawn tentacles (Abyss:3)
1692 creatures vanquished.

Vanquished Creatures (collateral kills)
  A deep elf blademaster (Elf:3)
  A ghost moth (Spider:3)
  A vault warden (Vaults:3)
  An emperor scorpion (Spider:2)
  A deep elf death mage (Elf:3)
  A deep elf high priest (Elf:1)
  5 hydras
  A two-headed ogre (D:11)
  2 deep elf knights (Elf:1)
  A deep elf archer (Elf:1)
  3 orb spiders (Spider:2)
  A mana viper (shapeshifter) (Elf:1)
  An orc sorcerer (Orc:2)
  A deep elf mage (Elf:2)
  5 wolf spiders
  2 ugly things
  A black mamba (Lair:6)
  2 spiny frogs (Lair:6)
  3 ice statues (IceCv)
  2 yaktaurs (Vaults:3)
  An efreet (D:13)
  A polar bear (Lair:6)
  2 blink frogs (Lair:6)
  4 redbacks
  6 tarantellas
  An orc warrior (Orc:2)
  A phantom (D:11)
  2 centaurs (D:11)
  3 bullfrogs
  A scorpion (D:4)
  A wight (D:7)
  An orc priest (Orc:2)
  6 orc wizards (Orc:2)
  An iguana (Lair:3)
  A gnoll (Orc:1)
  An ooze (D:4)
  2 orcs
  A plant (Lair:4)
72 creatures vanquished.

Vanquished Creatures (others)
  A very ugly thing (Vaults:4)
  A two-headed ogre (D:15)
  A deep elf knight (Elf:1)
  A deep elf archer (Elf:1)
  2 deep elf magi
  A wolf spider (Spider:2)
  An orc sorcerer (Elf:1)
  A manticore (Orc:2)
  A hornet (Spider:3)
  3 orc warriors
  An ogre (Vaults:3)
  An eye of draining (shapeshifter) (Orc:2)
  A bullfrog (Lair:6)
  5 orc priests
  4 orc wizards (Orc:2)
  A worker ant (Orc:2)
  2 gnolls (Orc:2)
  An adder (Orc:2)
  3 ball lightnings
  6 orcs
  A fungus (Lair:6)
  35 plants
  21 starspawn tentacles
95 creatures vanquished.

Grand Total: 1859 creatures vanquished

Notes
Turn   | Place    | Note
-------+----------+-------------------------------------------
     0 | D:1      | iamserjio the Vine Stalker Enchanter began the quest for the Orb.
     0 | D:1      | Reached XP level 1. HP: 9/9 MP: 4/4
    76 | D:1      | Reached skill level 1 in Short Blades
   115 | D:1      | Reached XP level 2. HP: 8/14 MP: 4/6
   493 | D:2      | Reached skill level 1 in Fighting
   493 | D:2      | Reached XP level 3. HP: 14/18 MP: 7/7
   552 | D:2      | Found a stormy altar of Qazlal.
   552 | D:2      | Found a sparkling altar of Nemelex Xobeh.
   564 | D:2      | Became a worshipper of Nemelex Xobeh the Trickster
   732 | D:2      | Learned a level 3 spell: Confuse
   829 | D:2      | Gained mutation: Your natural rate of healing is unusually fast. [Vine Stalker growth]
   829 | D:2      | Reached XP level 4. HP: 22/22 MP: 8/8
   856 | D:2      | Received a gift from Nemelex Xobeh
  1105 | D:2      | Reached XP level 5. HP: 25/25 MP: 9/9
  1245 | D:2      | Reached * piety under Nemelex Xobeh
  1299 | D:2      | Found a burning altar of Makhleb.
  1482 | D:3      | Found a white marble altar of Elyvilon.
  1920 | D:3      | Learned a level 3 spell: Tukima's Dance
  1932 | D:3      | Found a snail-covered altar of Cheibriados.
  1934 | D:3      | Found a radiant altar of Vehumet.
  1934 | D:3      | Found a glowing golden altar of the Shining One.
  1935 | D:3      | Found an opulent altar of Gozag.
  2249 | D:4      | Reached ** piety under Nemelex Xobeh
  2262 | D:4      | Received a gift from Nemelex Xobeh
  2317 | D:4      | Reached XP level 6. HP: 3/30 MP: 1/10
  2499 | D:4      | Reached skill level 5 in Stealth
  2499 | D:4      | Reached skill level 1 in Invocations
  2572 | D:4      | Noticed Natasha
  2581 | D:4      | Killed Natasha
  2683 | D:4      | Reached skill level 2 in Fighting
  2773 | D:4      | Noticed Natasha
  2775 | D:4      | Noticed Menkaure
  2802 | D:4      | Killed Natasha
  2903 | D:4      | Killed Menkaure
  2903 | D:4      | Reached XP level 7. HP: 31/35 MP: 7/11
  2935 | D:4      | Noticed Ijyb
  2967 | D:4      | Killed Ijyb
  3101 | D:5      | Entered Level 5 of the Dungeon
  3101 | D:5      | Received a gift from Nemelex Xobeh
  3106 | D:5      | Noticed Blork the orc
  3153 | D:5      | Killed Blork the orc
  3211 | D:5      | Found a staircase to the Ecumenical Temple.
  3262 | D:5      | Found a hazy altar of Hepliaklqana.
  3418 | D:5      | Gained mutation: You have razor-sharp teeth. [Vine Stalker growth]
  3418 | D:5      | Reached XP level 8. HP: 39/39 MP: 10/12
  3503 | D:5      | Reached skill level 3 in Fighting
  4098 | D:5      | Noticed Sigmund
  4108 | D:5      | Killed Sigmund
  4108 | D:5      | Reached skill level 5 in Short Blades
  4204 | D:5      | Learned a level 2 spell: Ensorcelled Hibernation
  4329 | D:5      | Reached *** piety under Nemelex Xobeh
  4703 | D:5      | Reached XP level 9. HP: 44/44 MP: 15/15
  4796 | D:6      | Reached skill level 5 in Hexes
  5351 | D:6      | Received a gift from Nemelex Xobeh
  5515 | D:7      | Found an ornate altar of the Wu Jian Council.
  5680 | D:7      | Noticed Joseph
  5715 | D:6      | Killed Joseph
  5872 | D:7      | Received a gift from Nemelex Xobeh
  5919 | D:7      | Reached skill level 5 in Invocations
  5941 | D:7      | Reached XP level 10. HP: 43/49 MP: 5/17
  6078 | D:7      | Reached skill level 5 in Dodging
  6141 | D:8      | Found a shadowy altar of Dithmenos.
  6321 | D:8      | Reached **** piety under Nemelex Xobeh
  6321 | D:8      | Received a gift from Nemelex Xobeh
  6478 | D:8      | Noticed a two-headed ogre
  6489 | D:8      | Killed a two-headed ogre
  6597 | D:8      | Found a glowing silver altar of Zin.
  6713 | D:8      | Noticed a two-headed ogre
  6726 | D:8      | Killed a two-headed ogre
  6757 | D:8      | Noticed a cyclops
  6797 | D:8      | Killed a cyclops
  6820 | D:8      | Learned a level 3 spell: Summon Guardian Golem
  7014 | D:9      | Received a gift from Nemelex Xobeh
  7267 | D:9      | Noticed Erolcha
  7290 | D:9      | Killed Erolcha
  7290 | D:9      | Reached XP level 11. HP: 53/53 MP: 16/18
  7371 | D:9      | Received a gift from Nemelex Xobeh
  7378 | D:9      | Found a basalt altar of Yredelemnul.
  7442 | D:9      | Reached ***** piety under Nemelex Xobeh
  7734 | D:10     | Entered Level 10 of the Dungeon
  7750 | D:10     | Reached skill level 4 in Fighting
  7861 | D:10     | Received a gift from Nemelex Xobeh
  7954 | D:10     | Found a staircase to the Lair.
  7997 | D:10     | Noticed a two-headed ogre
  8008 | D:10     | Killed a two-headed ogre
  8052 | D:10     | Received a gift from Nemelex Xobeh
  8264 | D:10     | Noticed a two-headed ogre
  8278 | D:10     | Killed a two-headed ogre
  8427 | D:10     | Reached skill level 5 in Fighting
  8635 | D:11     | Found a runed door.
  8650 | D:11     | Found the +10 large shield of Ignorance {rN+ Int-4}
  8650 | D:11     | Noticed Fannar
  8672 | D:11     | Found a runed door.
  8672 | D:11     | Noticed an orange crystal statue
  8677 | D:11     | Noticed a two-headed ogre
  8689 | D:11     | Killed a two-headed ogre
  8704 | D:11     | Reached skill level 1 in Shields
  8733 | D:11     | Noticed a two-headed ogre
  8765 | D:11     | Killed a two-headed ogre
  9015 | D:11     | Found a staircase to the Orcish Mines.
  9050 | D:11     | Received a gift from Nemelex Xobeh
  9093 | D:11     | Reached skill level 6 in Fighting
  9326 | D:11     | Noticed a white ugly thing
  9342 | D:11     | Killed a white ugly thing
  9374 | D:11     | Gained mutation: You heal very quickly. [Vine Stalker growth]
  9374 | D:11     | Reached XP level 12. HP: 33/61 MP: 6/19
  9644 | D:11     | Learned a level 1 spell: Apportation
  9698 | D:11     | Killed Fannar
  9872 | Lair:1   | Entered Level 1 of the Lair of Beasts
  9914 | Lair:1   | Learned a level 6 spell: Statue Form
 10381 | Lair:1   | Received a gift from Nemelex Xobeh
 10429 | Lair:1   | Got a pitted dire flail
 10457 | Lair:1   | Identified the +2 dire flail of Slow Death {flame, +Inv} (You found it on level 1 of the Lair of Beasts)
 10695 | Lair:2   | Noticed a five-headed hydra
 10892 | Lair:2   | Reached skill level 7 in Fighting
 10939 | Lair:2   | Received a gift from Nemelex Xobeh
 11145 | Lair:2   | Noticed Nergalle
 11176 | Lair:2   | Killed Nergalle
 11179 | Lair:2   | Got a twisted cloak
 11194 | Lair:2   | Identified the +1 cloak of Paph {Slay+2} (You found it on level 2 of the Lair of Beasts)
 11230 | Lair:2   | Found a frozen archway.
 11249 | IceCv    | Entered an ice cave
 11441 | IceCv    | Reached skill level 8 in Fighting
 11655 | Lair:2   | Got a faintly glowing hand axe
 11684 | Lair:2   | Killed a five-headed hydra
 11847 | Lair:2   | Reached XP level 13. HP: 69/69 MP: 14/20
 11883 | Lair:2   | Identified the +5 hand axe of Siulaevul {chop, Str+7 SInv} (You found it on level 2 of the Lair of Beasts)
 11952 | Lair:3   | Found a labyrinth entrance.
 11991 | Lab      | Entered a labyrinth
 12257 | Lab      | Received a gift from Nemelex Xobeh
 12295 | Lab      | Noticed a minotaur
 12311 | Lab      | Killed a minotaur
 12341 | Lab      | Got a transparent morningstar
 12439 | Lair:3   | Reached skill level 1 in Armour
 12584 | Lair:3   | Reached skill level 9 in Fighting
 12701 | Lair:3   | Found a staircase to the Shoals.
 12902 | Lair:3   | Received a gift from Nemelex Xobeh
 12957 | Lair:3   | Reached ****** piety under Nemelex Xobeh
 13316 | Lair:5   | Received a gift from Nemelex Xobeh
 13335 | Lair:4   | Noticed Nessos
 13347 | Lair:4   | Killed Nessos
 13491 | Lair:4   | Received a gift from Nemelex Xobeh
 13585 | Lair:4   | Found a hole to the Spider Nest.
 13613 | Lair:4   | Reached skill level 10 in Fighting
 14249 | Lair:4   | Reached skill level 1 in Long Blades
 14462 | Lair:6   | Entered Level 6 of the Lair of Beasts
 14508 | Lair:6   | Received a gift from Nemelex Xobeh
 14557 | Lair:5   | Found a viscous altar of Jiyva.
 14557 | Lair:5   | Found a staircase to the Slime Pits.
 14861 | Lair:5   | Reached XP level 14. HP: 68/77 MP: 16/22
 14906 | Lair:5   | Received a gift from Nemelex Xobeh
 15692 | Lair:5   | Reached skill level 5 in Spellcasting
 15776 | Lair:6   | Reached skill level 5 in Long Blades
 15953 | Lair:6   | Reached skill level 10 in Hexes
 16670 | Lair:6   | Got a twisted leather armour
 16691 | Lair:6   | Identified the +1 leather armour "Lefril" {rF- Regen+ Int+8 Dex+7} (You found it on level 6 of the Lair of Beasts)
 16777 | Lair:6   | Received a gift from Nemelex Xobeh
 17397 | D:12     | Noticed Josephine
 17416 | D:12     | Killed Josephine
 17416 | D:12     | Reached skill level 5 in Armour
 17629 | D:12     | Found Latigh's Antique Armour Shoppe.
 17642 | D:12     | Bought a fine buckler for 294 gold pieces
 17642 | D:12     | Bought a bloodstained hat for 279 gold pieces
 17652 | D:12     | Identified the cursed +0 buckler "Pampu Samm" {rPois Str+7 Int-5 SInv} (You bought it in a shop on level 12 of the Dungeon)
 17662 | D:12     | Identified the cursed +0 hat of Lies {rElec Str+4 Slay-4 Stlth+} (You bought it in a shop on level 12 of the Dungeon)
 17664 | D:12     | Bought a glowing cloak for 232 gold pieces
 17726 | D:12     | Received a gift from Nemelex Xobeh
 17923 | D:12     | Reached skill level 11 in Fighting
 18285 | D:13     | Reached XP level 15. HP: 82/82 MP: 25/25
 18310 | D:13     | Received a gift from Nemelex Xobeh
 18576 | D:13     | Received a gift from Nemelex Xobeh
 19040 | D:13     | Found a gate to the Vaults.
 19071 | D:13     | Received a gift from Nemelex Xobeh
 19835 | D:14     | Received a gift from Nemelex Xobeh
 20241 | D:15     | Entered Level 15 of the Dungeon
 20452 | D:15     | Received a gift from Nemelex Xobeh
 20494 | D:15     | Noticed an emperor scorpion
 20518 | D:15     | Killed an emperor scorpion
 20533 | D:15     | Reached skill level 10 in Long Blades
 20554 | D:15     | Found a staircase to the Depths.
 20825 | D:15     | Cast into level 2 of the Abyss (a wizard)
 20893 | Abyss:2  | Gained mutation: You are dopey. (Int -2) [a neqoxec]
 20943 | Abyss:2  | Received a gift from Nemelex Xobeh
 21138 | Abyss:2  | Found a hide-covered altar of Uskayaw.
 21293 | Abyss:2  | Received a gift from Nemelex Xobeh
 21349 | Abyss:2  | Paralysed by accursed screaming for 1 turns
 21592 | Abyss:2  | Received a gift from Nemelex Xobeh
 21596 | Abyss:2  | Lost mutation: You are dopey. (Int -2) [potion of mutation]
 21596 | Abyss:2  | Gained mutation: You have sharp toenails. [potion of mutation]
 21596 | Abyss:2  | Gained mutation: You have razor-sharp toenails. [potion of mutation]
 21596 | Abyss:2  | Gained mutation: You are partially covered in rugged brown scales. (AC +1, +3% HP) [potion of mutation]
 21628 | Abyss:2  | Noticed a tentacled starspawn
 21693 | Abyss:2  | Received a gift from Nemelex Xobeh
 21828 | Abyss:2  | Noticed a tentacled starspawn
 21838 | Abyss:2  | Reached XP level 16. HP: 71/90 MP: 19/26
 21865 | Abyss:2  | Received a gift from Nemelex Xobeh
 22013 | Abyss:2  | Received a gift from Nemelex Xobeh
 22062 | Abyss:2  | Reached skill level 10 in Invocations
 22084 | Abyss:2  | Reached skill level 10 in Dodging
 22193 | Abyss:2  | Reached skill level 12 in Fighting
 22278 | Abyss:2  | Received a gift from Nemelex Xobeh
 22352 | Abyss:2  | Found a corrupted altar of Lugonu.
 22363 | Abyss:3  | Found a corrupted altar of Lugonu.
 22466 | Abyss:3  | Noticed a tentacled starspawn
 22503 | Abyss:3  | Received a gift from Nemelex Xobeh
 22637 | Abyss:3  | Noticed a tentacled starspawn
 22658 | Abyss:3  | Found a corrupted altar of Lugonu.
 22687 | Abyss:3  | Received a gift from Nemelex Xobeh
 22794 | Abyss:3  | Noticed a lich
 22814 | Abyss:3  | Killed a lich
 22860 | Abyss:3  | Paralysed by a great orb of eyes for 3 turns
 22990 | Abyss:3  | Received a gift from Nemelex Xobeh
 23137 | Abyss:3  | Learned a level 6 spell: Invisibility
 23144 | Abyss:3  | Noticed a lich
 23152 | Abyss:3  | Killed a lich
 23152 | Abyss:3  | Reached skill level 1 in Transmutations
 23152 | Abyss:3  | Reached skill level 1 in Earth Magic
 23183 | Abyss:3  | Received a gift from Nemelex Xobeh
 23261 | Abyss:3  | Noticed a tentacled starspawn
 23266 | Abyss:3  | Killed a tentacled starspawn
 23643 | Abyss:3  | Reached XP level 17. HP: 56/96 MP: 16/27
 23738 | Abyss:3  | Received a gift from Nemelex Xobeh
 23797 | Abyss:3  | Noticed a tentacled starspawn
 23847 | Abyss:3  | Noticed a bone dragon
 23851 | Abyss:3  | Noticed an Executioner
 23858 | Abyss:3  | Killed an Executioner
 23934 | Abyss:3  | Noticed a tentacled starspawn
 23953 | Abyss:3  | Gained mutation: Armour fits poorly on your strangely shaped body. [a cacodemon]
 24137 | Abyss:3  | Received a gift from Nemelex Xobeh
 24227 | Abyss:3  | Noticed a tentacled starspawn
 24233 | Abyss:3  | Reached skill level 5 in Earth Magic
 24239 | Abyss:3  | Killed a tentacled starspawn
 24239 | Abyss:3  | Reached skill level 5 in Transmutations
 24265 | Abyss:3  | Noticed a tentacled starspawn
 24269 | Abyss:3  | Noticed an Executioner
 24271 | Abyss:3  | Killed a tentacled starspawn
 24274 | Abyss:3  | Killed an Executioner
 24294 | Abyss:3  | Noticed a tentacled starspawn
 24302 | Abyss:3  | Killed a tentacled starspawn
 24433 | Abyss:3  | Received a gift from Nemelex Xobeh
 24538 | Abyss:3  | Noticed a lich
 24694 | D:15     | Escaped the Abyss
 25482 | Orc:1    | Entered Level 1 of the Orcish Mines
 25494 | Orc:1    | Received a gift from Nemelex Xobeh
 25679 | Orc:1    | Received a gift from Nemelex Xobeh
 25964 | Orc:2    | Entered Level 2 of the Orcish Mines
 25968 | Orc:2    | Found a staircase to the Elven Halls.
 26035 | Orc:2    | Found Kanaf's Gadget Boutique.
 26035 | Orc:2    | Found Cunaedi's General Store.
 26045 | Orc:2    | Reached skill level 13 in Fighting
 26050 | Orc:2    | Found Ugo Taymno's Antique Weapon Shop.
 26072 | Orc:2    | Found Zuku's Weapon Shop.
 26090 | Orc:2    | Bought a scroll of identify for 32 gold pieces
 26160 | Orc:2    | Found Opyfod's Food Shoppe.
 26407 | Orc:2    | Received a gift from Nemelex Xobeh
 26686 | Elf:1    | Entered Level 1 of the Elven Halls
 26719 | Elf:1    | Reached XP level 18. HP: 90/103 MP: 28/28
 26871 | Elf:1    | Received a gift from Nemelex Xobeh
 26966 | Elf:1    | Got a transparent lapis lazuli ring
 26991 | Elf:1    | Identified the cursed ring "Esocel" {rPois rC+ MR+ Str-2} (You took it off a deep elf demonologist on level 1 of the Elven Halls)
 27369 | Elf:1    | Noticed Asterion
 27388 | Elf:1    | Killed Asterion
 27417 | Elf:1    | Lost mutation: You have razor-sharp toenails. [potion of mutation]
 27417 | Elf:1    | Lost mutation: Armour fits poorly on your strangely shaped body. [potion of mutation]
 27417 | Elf:1    | Gained mutation: You are partially covered in yellow scales. (AC +2) [potion of mutation]
 27417 | Elf:1    | Gained mutation: You are partially covered in icy blue scales. (AC +2) [potion of mutation]
 27479 | Elf:1    | Received a gift from Nemelex Xobeh
 27931 | Elf:2    | Received a gift from Nemelex Xobeh
 27938 | Elf:2    | Found a huge runed gate.
 27938 | Elf:2    | Found a huge runed gate.
 27938 | Elf:2    | Found a huge runed gate.
 27938 | Elf:2    | Found a huge runed gate.
 27940 | Elf:2    | Found a huge runed gate.
 28206 | Elf:3    | Entered Level 3 of the Elven Halls
 28360 | Elf:3    | Got a translucent buckler
 28413 | Elf:3    | Identified the +1 buckler of Analysis {rPois rN+ Int+3} (You found it on level 3 of the Elven Halls)
 28468 | Elf:3    | Received a gift from Nemelex Xobeh
 28671 | Elf:3    | Found a deep blue altar of Sif Muna.
 28921 | Elf:3    | Noticed a deep elf blademaster
 28936 | Elf:3    | Killed a deep elf blademaster
 28940 | Elf:3    | Noticed a deep elf master archer
 28993 | Elf:3    | Killed a deep elf master archer
 29097 | Elf:3    | Noticed a deep elf blademaster
 29104 | Elf:3    | Noticed a deep elf master archer
 29320 | Elf:3    | Killed a deep elf blademaster
 29480 | Elf:3    | Killed a deep elf master archer
 29480 | Elf:3    | Reached XP level 19. HP: 98/108 MP: 30/30
 29785 | Elf:3    | Got a dazzling scale mail
 29789 | Elf:3    | Got a heavily runed cloak
 29823 | Elf:3    | Identified the cursed +1 scale mail of Deonloz {Regen+ rCorr Str-3} (You found it on level 3 of the Elven Halls)
 29833 | Elf:3    | Identified the cursed +0 cloak of the Arcane {Dex+2} (You found it on level 3 of the Elven Halls)
 29849 | Elf:3    | Got a spiked scale mail
 29885 | Elf:3    | Identified the +3 scale mail "Opussae" {MR+} (You found it on level 3 of the Elven Halls)
 30360 | Spider:1 | Entered Level 1 of the Spider Nest
 30474 | Spider:1 | Reached skill level 14 in Fighting
 30487 | Spider:1 | Received a gift from Nemelex Xobeh
 30940 | Spider:1 | Got a bloodstained ring mail
 31784 | Spider:3 | Got a wavering brass ring
 31802 | Spider:3 | Received a gift from Nemelex Xobeh
 31804 | Spider:3 | Reached skill level 10 in Transmutations
 31817 | Spider:3 | Reached skill level 10 in Earth Magic
 32393 | Spider:4 | Entered Level 4 of the Spider Nest
 32500 | Spider:4 | Reached skill level 5 in Shields
 32581 | Spider:4 | Got a warped robe
 33278 | Spider:4 | Reached XP level 20. HP: 115/115 MP: 33/33
 33439 | Spider:4 | Got a gossamer rune of Zot
 33803 | D:10     | Identified the +1 ring mail "Peiwk" {rPois MR- Slay+3} (You found it on level 1 of the Spider Nest)
 33813 | D:10     | Identified the cursed +1 robe of the Planets {rElec rPois rN++ MR-} (You found it on level 4 of the Spider Nest)
 33820 | D:10     | Identified the ring "Serhist" {rCorr rF+ Str+3 Dex-5} (You found it on level 3 of the Spider Nest)
 34128 | Vaults:1 | Entered Level 1 of the Vaults
 34162 | Vaults:1 | Found Boxumom's Antique Armour Shop.
 34246 | Vaults:1 | Received a gift from Nemelex Xobeh
 34246 | Vaults:1 | Received a gift from Nemelex Xobeh
 34811 | Vaults:1 | Received a gift from Nemelex Xobeh
 34902 | Vaults:1 | Noticed a Brimstone Fiend
 35162 | Vaults:2 | Found a staircase to the Crypt.
 35162 | Vaults:2 | Found an ancient bone altar of Kikubaaqudgha.
 35163 | Vaults:2 | Found a basalt altar of Yredelemnul.
 35178 | Vaults:2 | Received a gift from Nemelex Xobeh
 35744 | Vaults:2 | Reached skill level 15 in Fighting
 36347 | Vaults:3 | Reached XP level 21. HP: 120/120 MP: 34/34
 36550 | Vaults:3 | Found Fyucecasch's Gadget Shop.
 36687 | Vaults:3 | Found Fogg's Weapon Shop.
 36690 | Vaults:3 | Received a gift from Nemelex Xobeh
 36880 | Vaults:3 | Received a gift from Nemelex Xobeh
 37044 | Vaults:3 | Found Silotus's Jewellery Boutique.
 37048 | Vaults:3 | Found Qulerch's Food Emporium.
 37052 | Vaults:3 | Bought the ring of Fatigue {rF+++ rC- Int+4 Dex+4 SInv} for 1269 gold pieces
 37736 | Vaults:4 | Received a gift from Nemelex Xobeh
 37911 | Vaults:4 | Found Gutous's Magic Scroll Boutique.
 37917 | Vaults:4 | Bought a scroll of blinking for 135 gold pieces
 37917 | Vaults:4 | Bought a scroll of blinking for 135 gold pieces
 37998 | Vaults:4 | Received a gift from Nemelex Xobeh
 38177 | Vaults:4 | Gained mutation: Scrolls take you a little longer to read. [a cacodemon]
 38296 | Vaults:3 | Lost mutation: You are partially covered in rugged brown scales. (AC +1, +3% HP) [potion of mutation]
 38296 | Vaults:3 | Gained mutation: You tend to lose your temper in combat. [potion of mutation]
 38296 | Vaults:3 | Gained mutation: You are surrounded by a mild repulsion field. (EV +2) [potion of mutation]
 38296 | Vaults:3 | Gained mutation: You expend magic power (3 MP) to strengthen your wands. [potion of mutation]
 38296 | Vaults:3 | Gained mutation: You have a pair of small antennae on your head. [potion of mutation]
 38568 | D:11     | Lost mutation: You tend to lose your temper in combat. [potion of mutation]
 38568 | D:11     | Lost mutation: You are partially covered in icy blue scales. (AC +2) [potion of mutation]
 38568 | D:11     | Gained mutation: Your body sometimes deteriorates upon taking damage. [potion of mutation]
 38568 | D:11     | Gained mutation: Your flesh is cold resistant. (rC+) [potion of mutation]
 38568 | D:11     | Gained mutation: You have a pair of antennae on your head. [potion of mutation]
 38569 | D:11     | Lost mutation: Your flesh is cold resistant. (rC+) [potion of mutation]
 38569 | D:11     | Lost mutation: You have sharp toenails. [potion of mutation]
 38569 | D:11     | Gained mutation: Your flesh is heat resistant. (rF+) [potion of mutation]
 38570 | D:11     | Lost mutation: You expend magic power (3 MP) to strengthen your wands. [potion of mutation]
 38570 | D:11     | Lost mutation: You have a pair of antennae on your head. [potion of mutation]
 38570 | D:11     | Lost mutation: Your body sometimes deteriorates upon taking damage. [potion of mutation]
 38570 | D:11     | Lost mutation: Scrolls take you a little longer to read. [potion of mutation]
 38570 | D:11     | Gained mutation: You are surrounded by a moderate repulsion field. (EV +3) [potion of mutation]
 38570 | D:11     | Gained mutation: Scrolls take you a little longer to read. [potion of mutation]
 38570 | D:11     | Gained mutation: Your muscles are strong. (Str +2) [potion of mutation]
 38947 | Vaults:4 | Reached XP level 22. HP: 123/123 MP: 32/35
 38952 | Vaults:4 | Reached skill level 10 in Shields
 39077 | Vaults:5 | Entered Level 5 of the Vaults
 39082 | Vaults:5 | Noticed an ancient lich
 39101 | Vaults:5 | Killed an ancient lich
 39118 | Vaults:5 | Reached skill level 16 in Fighting
 39374 | Vaults:5 | Noticed a golden dragon
 39394 | Vaults:5 | Noticed a golden dragon
 39396 | Vaults:5 | HP: 4/124 [vault guard/great mace (7)]
 39401 | Vaults:5 | HP: 1/124 [war gargoyle/spray of metal splinters (8)]
 39403 | Vaults:5 | Demolished by a war gargoyle

Vault maps used:
D:1:      dpeg_arrival_castle, minmay_crystal_water
D:2:      makhleb_blood_cavern_becter,
          chequers_temple_overflow_statue_of_worship, minmay_tripent
D:3:      minitemple, elyvilon_altar_1
D:4:      minmay_misc_feat_doors, uniq_natasha, uniq_menkaure, uniq_ijyb
D:5:      lemuel_ratsnest, overflow_temple_1_default,
          minmay_temple_entry_butterflies, first_ration, portal_sewer_entry_b,
          st_stairs_8, uniq_blork_the_orc, uniq_sigmund
D:7:      marbit_many_paths, grunt_ministairs_13, uniq_joseph
D:8:      zin_scriptorium, grunt_dithmenos_shadows
D:9:      lemuel_round_altar, uniq_erolcha
D:10:     lair_entry_dummy, grunt_tengu_nest, minmay_misc_feat_ornament
D:11:     chequers_guarded_unrand_ignorance, uniq_fannar
D:12:     serial_shops, kennysheep_mini, minivault_27, uniq_josephine
D:13:     david_vaults_5
D:14:     minmay_hedge_maze
D:15:     hangedman_depths_entry_try_elsewhere_first
Lair:1:   beast_lair_carwin_3
Lair:2:   portal_ice_cave_entry_pillars_2, serial_bayou_shore_b, uniq_nergalle
Lair:3:   beast_lair_carwin_large_1, shoals_dummy_entry, lab_entry_generic,
          grunt_megastairs_3
Lair:4:   pond_and_an_island_with_a_cottage, spider_nest_entry_webs,
          minmay_lair_oklob_chamber, uniq_nessos
Lair:5:   slime_altar_1, st_stairs_5, nicolae_lair_grove_arrangements,
          grunt_megastairs_5, serial_bayou_shore_b
Lair:6:   minmay_lair_end_frog_pond
Spider:4: grunt_spider_rune_parallel
Orc:2:    st_orc_mages, serial_shops, shop
Elf:1:    minmay_elf_arrival_summoners, orc_legates, uniq_asterion
Elf:3:    elf_hall, st_stairs_4, lemuel_blue_sif_altar
Vaults:1: ontoclasm_vaults_misaligned, vaults_dpeg_ring, v_misc_22,
          nicolae_vaults_gold_heap, v_rooms_5, ontoclasm_vaults_twist,
          nicolae_vaults_windows_and_doors_thing, vaults_room_pools,
          grunt_vaults_hallway_short, vaults_dpeg_doors,
          ontoclasm_vaults_ligature, nicolae_vaults_little_squares_2,
          grunt_vaults_swirl, nicolae_vaults_theta, enter_trove_5, serial_shops,
          shop
Vaults:2: vaults_room_fours, ontoclasm_vaults_gallery, v_misc_4,
          nicolae_vaults_angled_halls, nicolae_vaults_theta,
          vaults_standard_mumra_x, v_misc_19, grunt_vaults_hallway_short,
          minmay_crypt_entry_necro_gods
Vaults:3: nicolae_vaults_an_arrangement, hangedman_vaults_trim,
          nicolae_vaults_mini_display_case, v_alt_pattern_2,
          hangedman_vaults_maws, hangedman_vaults_slither,
          nicolae_vaults_asterisk, v_misc_27, nicolae_vaults_little_ls,
          serial_shops, nicolae_shop_behind_doors, shop_statue, shop_statue,
          shop, nicolae_shop_competitors_out_of_business
Vaults:4: v_misc_18, vaults_room_semicircle, nicolae_vaults_little_squares_6,
          v_misc_30, nicolae_vaults_little_squares_1, ontoclasm_vaults_eye,
          hangedman_vaults_restitches, grunt_vaults_funnel,
          vaults_dpeg_encased_lava, vaults_mumra_hex, serial_shops,
          nicolae_shop_trees
Abyss:3:  grunt_abyss_exit_deep_breaths, abyss_furniture_001,
          doesnt_abyss_rune_brain_food
Lab:      labyrinth_mini_lab
IceCv:    ice_cave_statue_garden_chambered

Skill      XL: |  1  2  3  4  5  6  7  8  9 10 11 12 13 14 15 16 17 18 19 20 21 22 |
---------------+-------------------------------------------------------------------+-----
Short Blades   | 1 2 3 4 5 7 8 9 |  9.0
Fighting       | 1 2 3 6 8 10 11 12 13 14 15 16 | 16.1
Dodging        | 2 3 4 6 7 8 9 10 11 12 | 12.5
Stealth        | 4 5 6 8 9 |  9.3
Invocations    | 1 2 3 5 6 7 8 9 10 11 12 13 | 13.8
Hexes          | 4 6 7 8 9 10 11 | 11.0
Spellcasting   | 3 4 6 7 8 |  8.0
Shields        | 2 4 5 7 9 10 | 10.9
Armour         | 4 5 6 7 8 9 |  9.5
Long Blades    | 3 8 11 12 13 | 13.2
Transmutations | 3 7 9 10 11 | 11.9
Earth Magic    | 3 7 9 10 11 | 11.9

Action                   |  1- 3 |  4- 6 |  7- 9 | 10-12 | 13-15 | 16-18 | 19-21 | 22-24 || total
-------------------------+-------+-------+-------+-------+-------+-------+-------+-------++-------
Melee: Dagger            |    71 |   240 |   598 |   547 |    22 |       |       |       ||  1478
       Bite              |    12 |    52 |   171 |   224 |   716 |   678 |   644 |   172 ||  2669
       Short sword       |       |       |       |   197 |  1242 |       |       |       ||  1439
       Scimitar          |       |       |       |       |   324 |  1152 |  1209 |   206 ||  2891
       Kick              |       |       |       |       |       |       |   365 |       ||   365
 Cast: Corona            |     8 |    11 |    21 |     3 |     1 |       |       |       ||    44
       Confuse           |       |    15 |    67 |   131 |   118 |       |       |       ||   331
       Tukima's Dance    |       |     1 |       |       |       |       |       |       ||     1
       Apportation       |       |       |       |     1 |       |       |       |       ||     1
       Statue Form       |       |       |       |       |       |       |    47 |     9 ||    56
Invok: Triple Draw       |       |       |       |     8 |     3 |       |     1 |     1 ||    13
       Stack Five        |       |       |       |       |       |       |     2 |       ||     2
 Abil: End Transformatio |       |       |       |       |       |       |       |     1 ||     1
Evoke: Deck              |       |     1 |     1 |     5 |    12 |    37 |    19 |     2 ||    77
       Wand              |       |       |     1 |     4 |     6 |       |       |       ||    11
  Use: Scroll            |       |     1 |     1 |    13 |    20 |    24 |    12 |     3 ||    74
       Potion            |       |       |       |     1 |     5 |     6 |     8 |     1 ||    21
 Stab: Sleeping          |     8 |    18 |    17 |    21 |    15 |    16 |    15 |     4 ||   114
       Distracted        |       |     2 |       |     1 |     5 |    11 |     5 |     1 ||    25
       Confused          |       |     3 |    34 |    58 |    32 |       |       |       ||   127
       Paralysed         |       |       |       |     1 |       |       |       |       ||     1
       Petrified         |       |       |       |       |     1 |       |       |       ||     1
       Invisible         |       |       |       |       |       |       |     2 |       ||     2
  Eat: Chunk             |       |     9 |    17 |    25 |    26 |     5 |    27 |       ||   109
       Ration            |       |       |       |     2 |     5 |     6 |     9 |     2 ||    24
Armor: Robe              |    10 |       |    73 |    59 |   128 |       |     1 |       ||   271
       Leather armour    |     1 |    34 |    11 |       |   105 |   181 |   188 |     8 ||   528
       Skin              |       |       |       |    32 |       |       |   449 |   102 ||   583
       Chain mail        |       |       |       |       |     2 |       |       |       ||     2
Dodge: Dodged            |    42 |   149 |   346 |   462 |  1041 |   795 |  1376 |   329 ||  4540
Block: Buckler           |       |       |       |   103 |   318 |   248 |   455 |   125 ||  1249
       Rpst.: Scimitar   |       |       |       |       |    51 |   174 |   250 |    65 ||   540

Table legend:
 A = Spawn XP
 B = Non-spawn XP
 C = Spawn XP percentage of total XP
 D = Spawn monster count
 E = Non-spawn monster count
 F = Spawn count percentage of total count
 G = Total turns spent on level
                    A         B        C        D         E        F      G
               +---------+---------+-------+---------+---------+-------+---------
         Total |   47971 |  614221 |   7.2 |     106 |    1675 |   6.0 | 39403
               +---------+---------+-------+---------+---------+-------+---------
           D:1 |       0 |      30 |   0.0 |       0 |      17 |   0.0 |   489
           D:2 |       0 |     169 |   0.0 |       0 |      33 |   0.0 |   854
           D:3 |       0 |      62 |   0.0 |       0 |      19 |   0.0 |   947
           D:4 |       0 |     574 |   0.0 |       0 |      21 |   0.0 |   811
           D:5 |       0 |    1312 |   0.0 |       0 |      63 |   0.0 |  1386
           D:6 |       0 |    1806 |   0.0 |       0 |      40 |   0.0 |  1062
           D:7 |       0 |     859 |   0.0 |       0 |      28 |   0.0 |   575
           D:8 |       0 |    3527 |   0.0 |       0 |      29 |   0.0 |   867
           D:9 |       0 |    1434 |   0.0 |       0 |       8 |   0.0 |   743
          D:10 |       0 |    3187 |   0.0 |       0 |      13 |   0.0 |  1122
          D:11 |       0 |    7004 |   0.0 |       0 |      55 |   0.0 |  1601
          D:12 |       0 |    5073 |   0.0 |       0 |      21 |   0.0 |  1005
          D:13 |       0 |   10180 |   0.0 |       0 |      45 |   0.0 |  1450
          D:14 |       0 |    7965 |   0.0 |       0 |      32 |   0.0 |   820
          D:15 |       0 |   16525 |   0.0 |       0 |      53 |   0.0 |  1235
        Lair:1 |       0 |    2806 |   0.0 |       0 |      20 |   0.0 |   895
        Lair:2 |       0 |    9006 |   0.0 |       0 |      37 |   0.0 |  1012
        Lair:3 |       0 |    5746 |   0.0 |       0 |      23 |   0.0 |   927
        Lair:4 |       0 |    8512 |   0.0 |       0 |      37 |   0.0 |  1461
        Lair:5 |       0 |    8382 |   0.0 |       0 |      38 |   0.0 |  1229
        Lair:6 |       0 |   21630 |   0.0 |       0 |      81 |   0.0 |  1377
      Spider:1 |       0 |    8433 |   0.0 |       0 |      23 |   0.0 |   826
      Spider:2 |       0 |   19073 |   0.0 |       0 |      57 |   0.0 |   562
      Spider:3 |       0 |   18229 |   0.0 |       0 |      43 |   0.0 |   731
      Spider:4 |       0 |   34249 |   0.0 |       0 |      81 |   0.0 |  1186
         Orc:1 |       0 |    2680 |   0.0 |       0 |      36 |   0.0 |   548
         Orc:2 |       0 |    6541 |   0.0 |       0 |      75 |   0.0 |   718
         Elf:1 |       0 |   18714 |   0.0 |       0 |      35 |   0.0 |  1019
         Elf:2 |       0 |   17265 |   0.0 |       0 |      25 |   0.0 |   651
         Elf:3 |       0 |   54057 |   0.0 |       0 |      54 |   0.0 |  1737
      Vaults:1 |       0 |   35154 |   0.0 |       0 |      57 |   0.0 |  1081
      Vaults:2 |       0 |   39722 |   0.0 |       0 |      55 |   0.0 |  1261
      Vaults:3 |       0 |   69814 |   0.0 |       0 |     112 |   0.0 |  1394
      Vaults:4 |       0 |   43961 |   0.0 |       0 |      74 |   0.0 |   969
      Vaults:5 |       0 |   63393 |   0.0 |       0 |      58 |   0.0 |   326
       Abyss:2 |    8396 |   14999 |  35.9 |      25 |      54 |  31.6 |  1538
       Abyss:3 |   39575 |   48991 |  44.7 |      81 |     111 |  42.2 |  2331
           Lab |       0 |     773 |   0.0 |       0 |       1 |   0.0 |   376
         IceCv |       0 |    2384 |   0.0 |       0 |      11 |   0.0 |   281
               +---------+---------+-------+---------+---------+-------+---------
